 Dungeon Crawl Stone Soup version 0.32-a0-986-ga09f62fbf4 (webtiles) character file.

Game seed: 17183039971379998944

184 GiantSquids the Shooter (level 5, -2/38 HPs)
             Began as a Coglin Hunter on Apr 22, 2024.
             Killed by nerve-wracking pain
             ... invoked by Grinder
              (14 damage)
             ... on level 3 of the Dungeon.
             The game lasted 00:03:35 (2216 turns).

GiantSquids the Shooter (Coglin Hunter)             Turns: 2216, Time: 00:03:36

Health: -2/38      AC:  4    Str: 13    XL:     5   Next: 64%
Magic:  5/5        EV: 11    Int:  8    God:
Gold:   90         SH:  0    Dex: 18    Spells: 4/4 levels left

rFire   . . .        a - +2 sling {Zada}
rCold   . . .        d - +0 sling {Branko}
rNeg    . . .        c - +0 leather armour
rPois   .            (no helmet)
rElec   .            (no cloak)
rCorr   .            f - +0 pair of gloves
SInv    .            (no boots)
Will    .....        (amulet unavailable)
Stlth   ++           (ring unavailable)
HPRegen 0.26/turn    (ring unavailable)
MPRegen 0.09/turn    (no gizmo)

%: no passive effects
@: revved
A: off-hand wielding, slow wielding, warmup strikes, no jewellery
a: Invent Gizmo


You were on level 3 of the Dungeon.
You visited 1 branch of the dungeon, and saw 3 of its levels.

You collected 90 gold pieces.

Inventory:

Hand Weapons
 a - a +2 sling (weapon) {Zada}
 d - a +0 sling (offhand) {Branko}
Armour
 c - a +0 leather armour (worn)
 f - a +0 pair of gloves (worn)
Wands
 l - a wand of warping (3)
Scrolls
 b - a scroll of butterflies
 e - 4 scrolls of identify {unknown}
 j - 2 scrolls of teleportation {unknown}
 m - a scroll of enchant weapon {unknown}
 n - a scroll of vulnerability {unknown}
Potions
 g - 4 potions of curing {unknown}
 h - a potion of attraction {unknown}
 i - 3 potions of degeneration {unknown}
 k - a potion of invisibility {unknown}


   Skills:
 - Level 2.0 Fighting
 * Level 6.1 Ranged Weapons
 - Level 1.7 Dodging
 - Level 0.7 Stealth


You had 4 spell levels left.
You didn't know any spells.
Your spell library contained the following spells:

 Spells                   Type           Power      Damage    Failure   Level
 Sandblast                Erth           0%         2d4       50%         1
 Cigotuvi's Dreadful Rot  Necr/Alch/Air  0%         N/A       63%         2
 Passwall                 Erth           0%         N/A       86%         3
 Stone Arrow              Conj/Erth      0%         3d7       86%         3
 Dispel Undead            Necr           0%         3d6       99%         4
 Martyr's Knell           Necr/Summ      0%         N/A       99%         4


Dungeon Overview and Level Annotations

Branches:
Dungeon (3/15)

Altars:
Fedhas

Shops:
D:2 (   D:3 =

Annotations:
D:3 Grinder


Innate Abilities, Weirdness & Mutations

You can wield a second weapon in your off-hand.
It takes a long time for you to wield or remove held weapons.
Your first few attacks do less damage.
You cannot equip rings or amulets.


Message History

You shoot a sling bullet.
The sling bullet hits Grinder but does no damage.
Grinder is moderately wounded.
You shoot a sling bullet. The sling bullet hits Grinder.
Grinder is heavily wounded.
Grinder gestures at you.
You barely resist. You shoot a sling bullet.
The sling bullet hits Grinder but does no damage.
Grinder is heavily wounded.
You shoot a sling bullet.
The sling bullet completely misses Grinder.
You shoot a sling bullet. The sling bullet hits Grinder.
Grinder is severely wounded.
You shoot a sling bullet. The sling bullet hits Grinder.
Grinder is severely wounded.
Grinder hits you.
You shoot a sling bullet. The sling bullet hits Grinder.
Grinder is severely wounded.
You shoot a sling bullet. The sling bullet hits Grinder.
Grinder is severely wounded.
Grinder gestures at you.
You barely resist. You shoot a sling bullet. The sling bullet hits Grinder.
Grinder is almost dead.
You shoot a sling bullet. The sling bullet hits Grinder.
Grinder is almost dead.
Grinder gestures at you. Pain shoots through your body!
You shoot a sling bullet.
The sling bullet hits Grinder but does no damage.
Grinder is almost dead.
You shoot a sling bullet.
The sling bullet hits Grinder but does no damage.
Grinder is almost dead.
Grinder rolls her eyes.
Grinder gestures at you. Pain shoots through your body!
You die...
Grinder says, "Now the real fun starts!"

# ###########
#...........#
##.# #####.#
..... #.....#
#########.#
#.###.###.###
#......5@.#
#............
#.#######.#
#.#.#.#......
#.# ....
#.#.....### #.#
##.# #.#####.#
#.# #.# #.# #.#
#.# # #∩# #.#
#.# # ##.## #[#
#.#
#.##...####.###
#.#
#...........#..


You could see Grinder.

Vanquished Creatures
  Ijyb (D:2)
  3 gnolls (D:3)
  6 adders
  A ribbon worm (D:3)
  10 endoplasms
  4 giant cockroaches
  6 goblins
  2 hobgoblins
  2 jackals (D:1)
  4 quokkas
  8 ball pythons
  10 bats
  4 frilled lizards
  4 kobolds
  7 rats
72 creatures vanquished.

Notes
Turn   | Place    | Note
-------+----------+-------------------------------------------
     0 | D:1      | GiantSquids the Coglin Hunter began the quest for the Orb.
     0 | D:1      | Reached XP level 1. HP: 16/16 MP: 1/1
   133 | D:1      | Reached skill level 4 in Ranged Weapons
   133 | D:1      | Reached XP level 2. HP: 22/22 MP: 2/2
   363 | D:1      | Reached XP level 3. HP: 27/27 MP: 3/3
   705 | D:2      | Found Gynedgh's Weapon Shop.
   898 | D:2      | Reached skill level 5 in Ranged Weapons
   898 | D:2      | Reached XP level 4. HP: 31/33 MP: 4/4
  1417 | D:3      | Noticed Ijyb
  1432 | D:2      | Killed Ijyb
  1433 | D:2      | Reached XP level 5. HP: 5/38 MP: 5/5
  1741 | D:3      | Found Asuittim's Jewellery Boutique.
  1781 | D:3      | Found a blossoming altar of Fedhas.
  2045 | D:3      | Reached skill level 6 in Ranged Weapons
  2205 | D:3      | Noticed Grinder
  2216 | D:3      | Killed from afar by Grinder

Illustrated notes

Levels and vault maps discovered:
D:1:      lemuel_arrival_muddy, layout_basic
D:2:      layout_basic, serial_shops, nicolae_shop_bloodbath_and_beyond
D:3:      layout_loops_ring, lemuel_doored_altar, serial_shops, shop,
          uniq_grinder, uniq_ijyb

Skill      XL: |  1  2  3  4  5 |
---------------+----------------+-----
Ranged Weapons | 4 5 6 |  6.1
Fighting       | |  2.0
Dodging        | |  1.7
Stealth        | |  0.7

Action                     |  1- 3 |  4- 6 || total
---------------------------+-------+-------++-------
   Fire: Sling             |   158 |   170 ||   328
 Armour: Leather armour    |     6 |    27 ||    33
  Dodge: Dodged            |     6 |    22 ||    28

Table legend: (Time is in decaauts)
 A = Elapsed time spent in this place.
 B = Non-inter-level travel time spent in this place.
 C = Inter-level travel time spent in this place.
 D = Time resting spent in this place.
 E = Time spent auto-exploring this place.
 F = Levels seen in this place.
 G = Mean time per level.
                   A        B        C        D        E       F      G
               +--------+--------+--------+--------+--------+-----+--------+
         Total |   2251 |   2214 |     37 |      0 |   1902 |   3 |  750.3 |
       Dungeon |   2251 |   2214 |     37 |      0 |   1902 |   3 |  750.3 |
               +--------+--------+--------+--------+--------+-----+--------+

Top non-repeatable levels by time:
     D:2: 905 daAuts
     D:1: 677 daAuts
     D:3: 669 daAuts
